 Dungeon Crawl Stone Soup version 0.20-a0-823-gdec668e (webtiles) character file.

269 Amciq the Shield-Bearer (level 6, -1/53 HPs)
             Began as a Minotaur Fighter on Mar 5, 2017.
             Was a Follower of Makhleb.
             Killed by divine providence
             ... invoked by an orc priest
              (11 damage)
             ... on level 4 of the Dungeon.
             The game lasted 00:09:03 (3099 turns).

Amciq the Shield-Bearer (Minotaur Fighter)          Turns: 3099, Time: 00:09:03

Health: -1/53      AC:  7    Str: 22    XL:     6   Next: 1%
Magic:  5/5        EV:  8    Int:  5    God:    Makhleb [*.....]
Gold:   137        SH: 10    Dex: 10    Spells: 5/5 levels left

rFire    . . .     SeeInvis .   l - +1 hand axe (vamp)
rCold    . . .     Gourm    .   b - +0 scale mail
rNeg     . . .     Faith    .   c - +0 shield
rPois    .         Spirit   .   (helmet restricted)
rElec    .         Reflect  .   (no cloak)
rCorr    .         Harm     .   (no gloves)
MR       .....                  (no boots)
Stlth    ..........             (no amulet)
Regen    0.2/turn               (no ring)
MPRegen  0.1/turn               (no ring)

@: no status effects
A: retaliatory headbutt, horns 2
a: Renounce Religion


You were on level 4 of the Dungeon.
You worshipped Makhleb.
Makhleb was aware of your devotion.
You were not hungry.

You visited 1 branch of the dungeon, and saw 4 of its levels.

You collected 137 gold pieces.

Inventory:

Hand Weapons
 l - a +1 vampiric hand axe (weapon)
Armour
 b - a +0 scale mail (worn)
 c - a +0 shield (worn)
Wands
 a - a wand of lightning (5/15)
Scrolls
 h - a scroll of fog {unknown}
 j - 4 scrolls of teleportation
Potions
 d - 2 potions of might
 e - 2 potions of agility
 g - a potion of ambrosia {unknown}
 i - 6 potions of curing {unknown}
 m - a potion of mutation {unknown}
 p - a potion of lignification {unknown}
 r - a potion of invisibility {unknown}
Comestibles
 f - 2 bread rations
 k - 2 royal jellies
 n - a fruit
 o - a chunk of flesh


   Skills:
 * Level 4.7 Fighting
 * Level 2.1(2.9) Axes
   Level 2.9(3.3) Maces & Flails
 * Level 4.6 Armour
 + Level 1.9 Dodging
 * Level 5.0 Shields
 + Level 1.2 Unarmed Combat
 + Level 1.2 Invocations


You had 5 spell levels left.
You didn't know any spells.

Dungeon Overview and Level Annotations

Branches:
Dungeon (4/15)
 Temple: D:4-7

Altars:
Ashenzari
Kikubaaqudgha
Makhleb
Okawaru
Ru
The Shining One

Annotations:
D:4 1 runed door, Sigmund


Innate Abilities, Weirdness & Mutations

You reflexively headbutt those who attack you in melee.
You have a pair of horns on your head.


Message History

Something hits you but does no damage. You block the orc priest's attack.
You hit the hobgoblin.
You feel better.
You kill the hobgoblin!
Makhleb accepts your kill.
You barely miss the orc priest. Something hits you.
The orc priest calls down the wrath of Beogh upon you.
Pain shoots through your body!
* * * LOW HITPOINT WARNING * * *
You hit the orc.
You feel better.
The orc is severely wounded.
You block the orc's attack. Something hits you but does no damage.
You hit the orc.
You kill the orc!
Makhleb accepts your kill.
You closely miss the orc priest.
The orc priest is lightly wounded.
Something completely misses you.
The orc priest invokes the aid of Beogh against you.
Beogh smites you!
You die...

### #.#......# #### #.########
##..# #####.....# #########...##
....#.###.# #..........o.#
###.#.# #.# #.#######†.#.##
..#.#.###.####.#######..#..#####@
#.#.#..............##..###.g#...o
#.#.#...#.####.###.#o.## ##o.g#?#
.......##.# #..@oo..#+...##..# #
#.#.#.###.# #####..##..#..##...
#.#.#.....# ####...##. #.#..##...
..#.#.##### #....### #._.# ##.
###.#+## #..#...##..#.# . .
....#..## #.####..##..#..#
#####...## #.#####..##...##
##.......## #.#.####..##
#....>....###....####..##


You could see an orc priest and 2 orcs.

Vanquished Creatures
  A scorpion (D:4)
  Jessica (D:2)
  A worker ant (D:4)
  5 adders
  2 gnolls (D:3)
  4 worms
  2 dart slugs
  4 leopard geckos
  4 orcs (D:4)
  5 giant cockroaches
  7 goblins
  12 hobgoblins
  9 jackals
  2 quokkas (D:4)
  3 ball pythons
  7 bats
  4 frilled lizards
  7 kobolds
  5 rats
85 creatures vanquished.

Notes
Turn   | Place    | Note
-------+----------+-------------------------------------------
     0 | D:1      | Amciq the Minotaur Fighter began the quest for the Orb.
     0 | D:1      | Reached XP level 1. HP: 19/19 MP: 0/0
    63 | D:1      | Reached XP level 2. HP: 21/27 MP: 1/1
   528 | D:1      | Reached skill level 4 in Shields
   917 | D:2      | Reached XP level 3. HP: 23/33 MP: 2/2
   977 | D:2      | Reached skill level 1 in Axes
  1145 | D:2      | Reached skill level 1 in Dodging
  1317 | D:2      | Found a shattered altar of Ashenzari.
  1317 | D:2      | Found a burning altar of Makhleb.
  1318 | D:2      | Found an ancient bone altar of Kikubaaqudgha.
  1325 | D:2      | Became a worshipper of Makhleb the Destroyer
  1333 | D:2      | Reached XP level 4. HP: 40/40 MP: 3/3
  1339 | D:2      | Noticed Jessica
  1353 | D:2      | Killed Jessica
  2190 | D:3      | Reached * piety under Makhleb
  2376 | D:3      | Reached XP level 5. HP: 42/46 MP: 4/4
  2499 | D:3      | Found an iron altar of Okawaru.
  2522 | D:4      | Reached skill level 1 in Invocations
  2592 | D:4      | Found an iron altar of Okawaru.
  2682 | D:4      | Found a sacrificial altar of Ru.
  2848 | D:4      | Found a runed door.
  2947 | D:4      | Found a glowing golden altar of the Shining One.
  2979 | D:4      | Reached skill level 5 in Shields
  2979 | D:4      | Reached skill level 1 in Unarmed Combat
  3070 | D:4      | Noticed Sigmund
  3090 | D:4      | Reached XP level 6. HP: 29/53 MP: 5/5
  3099 | D:4      | Killed from afar by an orc priest

Vault maps used:
D:1:      doesnt_arrival_eight_statues
D:2:      gammafunk_temple_overflow_claw, first_bread,
          kennysheep_generic_room_10, uniq_jessica
D:3:      okawaru_altar_gauntlet_db
D:4:      lemuel_crystal_altar, tso_metal_star, nicolae_ru_sacrificial_ziggurat,
          sigmund_army, uniq_crazy_yiuf_cottage

Skill      XL: |  1  2  3  4  5 |
---------------+----------------+-----
Shields        | 4 5 |  5.0
Fighting       | 4 |  4.7
Axes           | 1 2 |  2.1
Dodging        | 1 |  1.9
Armour         | 4 |  4.6
Invocations    | 1 |  1.2
Unarmed Combat | 1 |  1.2
Maces & Flails | |  2.9

Action                   |  1- 3 |  4- 6 || total
-------------------------+-------+-------++-------
Melee: Flail             |    96 |       ||    96
       Headbutt          |     8 |    17 ||    25
       Hand axe          |     2 |   149 ||   151
  Use: Scroll            |       |     4 ||     4
  Eat: Chunk             |     2 |     5 ||     7
       Bread ration      |     1 |       ||     1
Armor: Scale mail        |    61 |    48 ||   109
Dodge: Dodged            |    33 |    58 ||    91
Block: Shield            |    52 |    92 ||   144
